AoeStats
← ynimral27

Black Forest

509147538Analyzed
4v4 RM · 7d ago on Sep 25, 2026· 37m 9s· 8 players
Game mode
Random Map
Map size
Large (8 player)
Population
200
Speed
Normal
Resources
Standard
Victory
Conquest
Starting age
Dark Age
Ending age
Imperial Age
RankedLock teamsTeams togetherTeam positionsShared explorationLock speedFull tech treeHidden civsTurbo modeCheats
Victory
Defeat
🇦🇷 Khmer · Argentina
1144
+14
🇷🇺 Tupi · Russia
1121
+15
🇺🇾 Franks · Uruguay
1115
+15
🇩🇪 Japanese · Germany
1098
+16
🇳🇱 Muisca · Netherlands
1156
-18
🇨🇳 Burgundians · China
1084
-14
🇨🇳 Chinese · China
1078
-14
🇹🇷 Mongols · Türkiye
1061
-14
Siggi_Team
4:11 Loom
10:51 Feudal Age
11:12 Man-at-Arms
12:14 Arson
16:47 Fletching
18:13 Wheelbarrow
18:14 Scale Mail Armor
24:06 Castle Age
23:35 Padded Archer Armor
23:38 Double-Bit Axe
23:35 Horse Collar
23:47 Gold Mining
24:18 Crossbowman
25:07 Heavy Plow
25:22 Forging
25:40 Bodkin Arrow
28:34 Hand Cart
28:05 Town Watch
37:37 Imperial Age
35:26 Town Patrol
35:43 Bow Saw
36:27 Bow Saw
BúffaloTincho
0:26 Loom
12:19 Feudal Age
16:57 Castle Age
15:20 Double-Bit Axe
15:49 Stone Mining
15:51 Gold Mining
21:23 Horse Collar
24:20 Fervor
25:11 Wheelbarrow
25:41 Bloodlines
28:13 Hand Cart
28:22 Caravan
29:33 Heavy Plow
32:18 Imperial Age
30:23 Bow Saw
30:02 Town Watch
32:00 Husbandry
33:06 Ballistics
34:31 Chemistry
33:02 Elite Ballista Elephant
33:43 Double Crossbow
34:12 Conscription
33:37 Light Cavalry
34:56 Siege Engineers
35:47 Scale Barding Armor
35:52 Forging
35:05 Hussar
37:08 Masonry
37:20 Chain Barding Armor
37:36 Iron Casting
Él nachos
11:48 Feudal Age
16:45 Castle Age
15:51 Double-Bit Axe
15:49 Horse Collar
15:36 Champi Runner
17:37 Champi Warrior
18:35 Arson
19:24 Squires
21:39 Forging
26:49 Iron Casting
30:18 Wheelbarrow
30:01 Bow Saw
34:23 Imperial Age
33:03 Scale Mail Armor
34:33 Capped Ram
35:53 Conscription
35:13 Elite Champi Warrior
36:18 Gold Mining
37:51 Two-Man Saw
36:58 Loom
37:18 Heavy Plow
ynimral27
10:22 Feudal Age
11:37 Loom
16:47 Castle Age
15:01 Double-Bit Axe
20:22 Wheelbarrow
23:34 Bow Saw
26:12 Scale Barding Armor
27:01 Gold Mining
28:51 Hand Cart
29:22 Chain Barding Armor
29:20 Husbandry
30:58 Forging
32:48 Coinage
33:35 Gold Shaft Mining
32:50 Stone Mining
squeezecheese21
11:28 Feudal Age
10:46 Loom
11:55 Double-Bit Axe
11:50 Horse Collar
13:10 Wheelbarrow
16:46 Town Watch
16:56 Gold Mining
16:57 Stone Mining
21:57 Castle Age
19:54 Fletching
20:05 Padded Archer Armor
21:01 Bloodlines
23:41 Bodkin Arrow
24:01 Leather Archer Armor
23:49 Husbandry
24:11 Thumb Ring
25:16 Gold Shaft Mining
25:36 Heavy Plow
26:16 Bow Saw
27:18 Ballistics
29:08 Stone Shaft Mining
34:49 Imperial Age
34:50 Hand Cart
35:30 Bracer
36:31 Chemistry
35:56 Elite Mangudai
37:12 Conscription
37:16 Drill
36:35 Capped Ram
Marietje Toch
3:16 Loom
11:05 Feudal Age
11:29 Horse Collar
11:36 Double-Bit Axe
12:18 Champi Runner
14:23 Forging
14:49 Scale Mail Armor
20:17 Castle Age
18:33 Fletching
22:12 Wheelbarrow
21:22 Town Watch
23:55 Champi Warrior
24:37 Squires
28:22 Iron Casting
29:59 Heavy Plow
30:12 Bodkin Arrow
35:06 Imperial Age
33:32 Chain Mail Armor
34:00 Masonry
34:55 Gold Mining
35:16 Padded Archer Armor
秋秋风落叶
0:28 Loom
13:18 Feudal Age
15:30 Double-Bit Axe
22:03 Horse Collar
25:21 Fletching
30:58 Castle Age
29:55 Padded Archer Armor
非洲飞飞鱼
1:17 Wheelbarrow
0:27 Loom
9:03 Double-Bit Axe
16:04 Feudal Age
21:42 Castle Age
20:05 Horse Collar
20:45 Bow Saw
21:07 Gold Mining
21:12 Stone Mining
24:05 Gold Shaft Mining
24:07 Stone Shaft Mining
27:45 Heavy Plow
34:14 Imperial Age
32:01 Hand Cart
33:07 Burgundian Vineyards
33:21 Forging
33:17 Scale Barding Armor
34:45 Two-Man Saw
34:58 Guilds
36:19 Iron Casting
36:05 Chain Barding Armor
35:41 Town Watch
37:35 Conscription
36:57 Elite Coustillier
Connection lost

Rejoining the realm…

Still unreachable

The connection could not be restored.

Session expired

The server has moved on; the page needs a fresh start.